 Dungeon Crawl Stone Soup version 0.30.1-11-g7821555f0a (webtiles) character file.

Game seed: 1027333812259821067

654 H0rd4k the Slasher (level 7, -10/52 HPs)
             Began as a Human Artificer on Nov 17, 2023.
             Mangled by an ogre
             ... wielding a +0 giant club
              (31 damage)
             ... on level 5 of the Dungeon.
             The game lasted 00:05:23 (3396 turns).

H0rd4k the Slasher (Human Artificer)                Turns: 3396, Time: 00:05:24

Health: -10/52     AC:  4    Str: 12    XL:     7   Next: 84%
Magic:  0/7        EV: 12    Int: 14    God:
Gold:   318        SH:  0    Dex: 13    Spells: 6/6 levels left

rFire   . . .        g - +0 long sword
rCold   . . .        (no shield)
rNeg    . . .        b - +0 leather armour
rPois   .            (no helmet)
rElec   .            (no cloak)
rCorr   .            t - +0 pair of gloves
SInv    .            (no boots)
Will    .....        l - amulet of guardian spirit
Stlth   +            (no ring)
HPRegen 0.28/turn    (no ring)
MPRegen 0.10/turn

%: guardian spirit
@: no status effects
A: no striking features
a: no special abilities


You were on level 5 of the Dungeon.
You visited 1 branch of the dungeon, and saw 5 of its levels.

You collected 318 gold pieces.

Inventory:

Hand Weapons
 g - a +0 long sword (weapon)
 i - a +0 morningstar of holy wrath
 r - a +1 sling of freezing
Missiles
 k - 4 atropa-tipped darts
 q - 10 poisoned darts
Armour
 b - a +0 leather armour (worn)
 t - a +0 pair of gloves (worn)
Magical Staves
 f - a staff of fire
 u - a staff of earth
Jewellery
 l - an amulet of guardian spirit (around neck)
Wands
 d - a wand of charming (19)
Scrolls
 a - a scroll of enchant weapon {unknown}
 e - a scroll of acquirement {unknown}
 j - 2 scrolls of teleportation {unknown}
 m - 3 scrolls of identify {unknown}
 o - 2 scrolls of immolation {unknown}
 p - a scroll of vulnerability {unknown}
 s - a scroll of amnesia {unknown}
Potions
 c - a potion of berserk rage {unknown}
 h - 2 potions of attraction {unknown}
 n - a potion of heal wounds {unknown}


   Skills:
 + Level 3.4 Fighting
 + Level 5.4 Long Blades
 - Level 2.0 Armour
 + Level 2.5 Dodging
 - Level 1.0 Stealth
 + Level 4.6 Evocations


You had 6 spell levels left.
You didn't know any spells.
Your spell library contained the following spells:

 Spells                   Type           Power      Damage    Failure   Level
 Dazzling Flash           Conj/Hex       0%         N/A       73%         3
 Frozen Ramparts          Ice            0%         1d1       73%         3
 Ice Form                 Ice/Tmut       0%         N/A       98%         4
 Summon Ice Beast         Ice/Summ       0%         N/A       98%         4
 Agony                    Necr           0%         N/A       100%        5
 Silence                  Hex/Air        0%         N/A       100%        5


Dungeon Overview and Level Annotations

Branches:
Dungeon (5/15)
 Temple: D:4-7

Altars:

Shops:
D:1 ?   D:4 :


Message History

The phantom hits you.
The phantom blinks!
You blink.
An ogre comes into view. It is wielding a +0 giant club.
The phantom closely misses you.
You hit the phantom.
The phantom is severely damaged.
The phantom hits you.
You hit the phantom.
The phantom is severely damaged.
The ogre shouts!
The phantom hits you but does no damage.
You hit the phantom.
The phantom is almost destroyed.
The phantom barely misses you.
You barely miss the phantom.
The phantom is almost destroyed.
The phantom barely misses you.
You barely miss the phantom.
The phantom is almost destroyed.
The phantom hits you but does no damage.
You hit the phantom.
You destroy the phantom!
You barely miss the ogre. The ogre hits you with a +0 giant club.
You slash the ogre!
The ogre is moderately wounded.
The ogre hits you with a +0 giant club!!
You are too injured to fight recklessly!
You are too injured to fight recklessly!
You are too injured to fight recklessly!
You are too injured to fight recklessly!
You are too injured to fight recklessly!
You are too injured to fight recklessly!
You are too injured to fight recklessly!
You are too injured to fight recklessly!
You are too injured to fight recklessly!
You are too injured to fight recklessly!
You hit the ogre.
The ogre is heavily wounded.
The ogre hits you with a +0 giant club!!
Ouch! That really hurt!
You die...

##.## #..#
#####.######
#..........#
#..........# .
#.$..$.....# ...
#..........##....
#................
#.......O@.##.
#..........#
#..........#
.........#
##########


You could see an ogre.

Vanquished Creatures
  2 ogres
  A phantom (D:5)
  Blork the orc (D:4)
  2 scorpions
  2 hounds
  An orc priest (D:4)
  A sleepcap (D:5)
  An iguana (D:3)
  2 adders
  A worm (D:2)
  3 dart slugs
  6 orcs
  6 ball pythons
  3 endoplasms
  3 giant cockroaches
  5 goblins
  7 hobgoblins
  5 kobolds
  2 quokkas
  8 bats
  2 frilled lizards
  3 rats
67 creatures vanquished.

Vanquished Creatures (collateral kills)
  A dart slug (D:4)
  An endoplasm (D:3)
2 creatures vanquished.

Vanquished Creatures (others)
  An orc (D:4)
1 creature vanquished.

Grand Total: 70 creatures vanquished

Notes
Turn   | Place    | Note
-------+----------+-------------------------------------------
     0 | D:1      | H0rd4k the Human Artificer began the quest for the Orb.
     0 | D:1      | Reached XP level 1. HP: 15/15 MP: 1/1
    43 | D:1      | Found Nurun's Magic Scroll Boutique.
   201 | D:1      | Reached XP level 2. HP: 17/21 MP: 2/2
   597 | D:1      | Reached XP level 3. HP: 22/26 MP: 3/3
  1664 | D:3      | Reached skill level 1 in Long Blades
  1729 | D:3      | Reached XP level 4. HP: 30/32 MP: 4/4
  2116 | D:4      | Noticed a scorpion
  2120 | D:4      | Killed a scorpion
  2121 | D:4      | Reached skill level 2 in Long Blades
  2121 | D:4      | Reached XP level 5. HP: 38/38 MP: 5/5
  2172 | D:4      | Reached skill level 3 in Long Blades
  2378 | D:4      | HP: 1/38 [orc priest/divine providence (10)]
  2387 | D:4      | Reached XP level 6. HP: 18/45 MP: 6/6
  2656 | D:4      | Noticed Blork the orc
  2658 | D:4      | Killed Blork the orc
  2659 | D:4      | Reached skill level 4 in Long Blades
  2699 | D:4      | Noticed an ogre
  2833 | D:4      | Found Barrauqafe's Tiny Tomes.
  2929 | D:4      | Killed an ogre
  2930 | D:4      | Reached XP level 7. HP: 51/51 MP: 7/7
  2952 | D:5      | Entered Level 5 of the Dungeon
  3220 | D:5      | Reached skill level 5 in Long Blades
  3396 | D:5      | Mangled by an ogre

Illustrated notes

Levels and vault maps discovered:
D:1:      amcnicky_arrival_choice, layout_loops_cross, serial_shops, shop,
          grunt_decor_junction
D:2:      layout_loops_ring, serial_glass, glass_columns_a, glass_columns_a,
          lightli_corner_chamber
D:3:      layout_rooms, dreamdust_princess_bridge
D:4:      layout_rooms, roderic_serpentine_path, grunt_decor_mini_mirrors,
          chequers_garden, nicolae_shop_i_like_small_books_too,
          kennysheep_generic_room_15, uniq_blork_the_orc
D:5:      layout_rooms, due_unseen_surprise

Skill      XL: |  1  2  3  4  5  6  7 |
---------------+----------------------+-----
Evocations     | 4 |  4.6
Long Blades    | 1 2 3 4 5 |  5.4
Fighting       | 2 3 |  3.4
Dodging        | 2 |  2.5
Armour         | |  2.0
Stealth        | |  1.0

Action                     |  1- 3 |  4- 6 |  7- 9 || total
---------------------------+-------+-------+-------++-------
  Melee: Club              |    35 |       |       ||    35
         Long sword        |    93 |    93 |    42 ||   228
  Evoke: Wand              |     2 |    13 |     9 ||    24
    Use: Potion            |       |     3 |       ||     3
   Stab: Sleeping          |     1 |     1 |       ||     2
 Armour: Leather armour    |    39 |    18 |     9 ||    66
  Dodge: Dodged            |    99 |    73 |    26 ||   198
